 Seeded DCSS version 0.29.1-2-gbd0b4ee654 (webtiles) character file.

Game seed: 3311 (custom seed)

5033 Ashen the Destroyer (level 10, -1/77 HPs)
             Began as a Demonspawn Conjurer on Oct 28, 2022.
             Was a Priest of Vehumet.
             Shot with an arrow by a centaur (3 damage)
             ... on level 9 of the Dungeon.
             The game lasted 00:27:47 (14807 turns).

Ashen the Destroyer (Demonspawn Conjurer)          Turns: 14807, Time: 00:27:48

Health: -1/77      AC:  6    Str:  8    XL:     10   Next: 30%
Magic:  0/20       EV: 14    Int: 23    God:    Vehumet [***...]
Gold:   441        SH:  0    Dex: 12    Spells: 8/22 levels left

rFire   + . .      SeeInvis .   g - +0 short sword (venom)
rCold   + . .      Faith    .   (no shield)
rNeg    . . .      Spirit   .   k - +0 leather armour
rPois   +          Reflect  .   m - +0 helmet
rElec   +          Harm     .   w - +1 cloak {rPois}
rCorr   +          Rampage  .   (no gloves)
Will    .....                   (no boots)
Stlth   +++.......              (no amulet)
HPRegen 0.22/turn               (no ring)
MPRegen 0.17/turn               (no ring)

@: resistant, very slightly contaminated, slowed, very slow
A: powered by pain 2, sturdy frame 2, weakness stinger 2
a: Renounce Religion


You were on level 9 of the Dungeon.
You worshipped Vehumet.
Vehumet was most pleased with you.
You visited 1 branch of the dungeon, and saw 9 of its levels.

You collected 441 gold pieces.

Inventory:

Hand Weapons
 g - a +0 short sword of venom (weapon)
Armour
 k - a +0 leather armour (worn)
 m - a +0 helmet (worn)
 w - a +1 cloak of poison resistance (worn)
Wands
 e - a wand of polymorph (11)
Scrolls
 a - a scroll of enchant armour {unknown}
 d - 4 scrolls of teleportation
 j - 2 scrolls of noise {unknown}
 l - a scroll of fear {unknown}
 n - 2 scrolls of poison {unknown}
 r - a scroll of blinking {unknown}
 s - a scroll of vulnerability {unknown}
 t - a scroll of amnesia {unknown}
 v - a scroll of immolation {unknown}
Potions
 c - 4 potions of mutation
 f - 2 potions of flight
 h - 2 potions of attraction
 i - a potion of resistance
 p - a potion of haste {unknown}
 q - a potion of brilliance {unknown}
 x - a potion of might {unknown}
 z - a potion of berserk rage {unknown}


   Skills:
 + Level 6.8 Fighting
 + Level 6.6 Dodging
 - Level 5.0 Stealth
 + Level 6.7 Spellcasting
 + Level 8.3 Conjurations
 - Level 2.0 Hexes
 - Level 2.0 Translocations


You had 8 spell levels left.
You knew the following spells:

 Your Spells              Type           Power      Damage    Failure   Level
a - Magic Dart            Conj           100%       1d8       1%          1
b - Searing Ray           Conj           92%        2d7       1%          2
c - Dazzling Flash        Conj/Hex       62%        N/A       1%          3
d - Fulminant Prism       Conj/Hex       15%        3d11      2%          4
e - Iskenderun's Mystic   Conj/Tloc      31%        2d8       2%          4

Your spell library contained the following spells:

 Spells                   Type           Power      Damage    Failure   Level
 Stone Arrow              Conj/Erth      54%        3d10      1%          3
 Blink                    Tloc           32%        N/A       5%          2
 Frozen Ramparts          Ice            14%        1d3       7%          3
 Gell's Gravitas          Tloc           16%        N/A       11%         3
 Lesser Beckoning         Tloc           16%        N/A       11%         3
 Teleport Other           Tloc           16%        N/A       11%         3
 Irradiate                Conj/Tmut      13%        3d16      11%         5
 Sublimation of Blood     Necr           7%         N/A       12%         2
 Ice Form                 Ice/Tmut       7%         N/A       61%         4
 Petrify                  Tmut/Erth      7%         N/A       61%         4
 Summon Ice Beast         Ice/Summ       7%         N/A       61%         4
 Manifold Assault         Tloc           16%        N/A       67%         5
 Summon Mana Viper        Hex/Summ       12%        N/A       82%         5
 Dispersal                Tloc           8%         N/A       99%         6
 Monstrous Menagerie      Summ           3%         N/A       100%        7


Dungeon Overview and Level Annotations

Branches:
Dungeon (9/15)             Temple (0/1) D:6
   Lair: D:8-11         Orc: D:9-12

Altars:
Dithmenos
Fedhas
Gozag
Qazlal
Ru
Sif Muna
Trog
Vehumet
Wu Jian


Innate Abilities, Weirdness & Mutations

You sometimes gain power by taking damage.
Your movements are less encumbered by armour. (ER -4)
You have a tail ending in a sharp stinger.


Message History

You kill the yak!
Vehumet accepts your kill.
Casting: Iskenderun's Mystic Blast (dangerous; 2% risk of failure)
Confirm with . or Enter, or press ? or * to list all spells.
You don't have enough magic to cast this spell.
Aiming: Polymorph
Press: ? - help, Shift-Dir - straight line, f - wraith
Aim: a wraith (heavily damaged, not susceptible)
Okay, then.
Unknown command.
Casting: Iskenderun's Mystic Blast (dangerous; 2% risk of failure)
Confirm with . or Enter, or press ? or * to list all spells.
Okay, then.
Casting: Iskenderun's Mystic Blast (dangerous; 2% risk of failure)
Confirm with . or Enter, or press ? or * to list all spells.
You miscast Iskenderun's Mystic Blast.
You are very lightly contaminated with residual magic.
Nothing appears to happen.
The wraith hits you.
* * * LOW HITPOINT WARNING * * *
The wraith drains your vigour!
You feel yourself slow down.
Press: ? - help, v - describe, . - travel
Here: a wraith (moderately damaged)
The floor.
It was a potion of resistance.
You feel protected. The wraith hits you.
* * * LOW HITPOINT WARNING * * *
Unknown command.
Unknown command.
As you read the scroll labelled ERYCHU NEER, it crumbles to dust.
You feel strangely unstable.
It was a scroll of teleportation.
The wraith misses you.
A wyvern comes into view.
The wraith completely misses you.
Your surroundings suddenly seem different.
A centaur comes into view.
Found 11 gold pieces and a throwing net.
The centaur wields a +0 shortbow.
The centaur shoots an arrow.
The arrow hits you.
You die...

.c...(.........
...............
...............
...............
...............
...............
.............$.
.......@.......
...............
...............
...............
...#.#.........
.≈ ....≈.......
. .. ....#.....
≈.....≈.§§≈...


You could see a centaur.

Vanquished Creatures
  Maurice (D:8)
  Joseph (D:8)
  5 yaks (D:9)
  A wyvern (D:8)
  Duvessa (D:5)
  A water moccasin (D:6)
  An orc warrior (D:8)
  A sky beast (D:7)
  2 ice beasts (D:5)
  3 ogres
  3 centaurs
  3 phantoms
  A kobold brigand (D:8)
  2 bullfrogs (D:9)
  A necrophage (D:6)
  A scorpion (D:7)
  5 wights
  Dowan (D:5)
  8 killer bees
  5 howler monkeys
  2 gnoll boudas (D:6)
  A jelly (D:4)
  9 orc priests
  Crazy Yiuf (D:2)
  4 hounds
  2 iguanas
  9 orc wizards
  8 gnolls
  3 adders
  3 shadow imps
  3 worms
  3 dart slugs
  32 orcs
  10 endoplasms
  4 giant cockroaches
  9 hobgoblins
  4 jackals (D:2)
  2 quokkas
  8 ball pythons
  4 bats
  2 frilled lizards
  3 goblins
  A goblin skeleton (D:6)
  A goblin zombie (D:6)
  3 hobgoblin zombies (D:6)
  8 kobolds
  3 kobold skeletons (D:6)
  A kobold zombie (D:6)
  An orc skeleton (D:6)
  5 rats
196 creatures vanquished.

Vanquished Creatures (others)
  21 fulminant prisms
21 creatures vanquished.

Grand Total: 217 creatures vanquished

Notes
Turn   | Place    | Note
-------+----------+-------------------------------------------
     0 | D:1      | Ashen the Demonspawn Conjurer began the quest for the Orb.
     0 | D:1      | Reached XP level 1. HP: 13/13 MP: 3/3
   335 | D:1      | Gained mutation: Your movements are slightly less
                  | encumbered by armour. (ER -2) [demonic ancestry]
   335 | D:1      | Reached XP level 2. HP: 20/20 MP: 3/5
   951 | D:1      | Learned a level 2 spell: Searing Ray
  1312 | D:1      | Reached skill level 1 in Fighting
  1511 | D:2      | Gained mutation: Your movements are less encumbered by
                  | armour. (ER -4) [demonic ancestry]
  1511 | D:2      | Reached XP level 3. HP: 26/26 MP: 3/6
  1718 | D:2      | Learned a level 3 spell: Dazzling Flash
  2274 | D:2      | Found a runed translucent door.
  2275 | D:2      | Noticed Crazy Yiuf
  2320 | D:2      | Found a faded altar of an unknown god.
  3074 | D:3      | Reached XP level 4. HP: 31/32 MP: 1/7
  3482 | D:3      | Found a radiant altar of Vehumet.
  3493 | D:3      | Became a worshipper of Vehumet
  3683 | D:3      | Reached XP level 5. HP: 11/38 MP: 1/9
  4376 | D:3      | Found a shimmering blue altar of Sif Muna.
  5166 | D:4      | Gained mutation: You sometimes gain a little power by
                  | taking damage. [demonic ancestry]
  5166 | D:4      | Reached XP level 6. HP: 18/46 MP: 0/10
  5454 | D:4      | You fall into a shaft and drop 3 floors!
  5560 | D:5      | Entered Level 5 of the Dungeon
  5573 | D:5      | Noticed an ice beast
  5588 | D:6      | Reached * piety under Vehumet
  5588 | D:6      | Offered knowledge of Sandblast by Vehumet.
  5589 | D:6      | Reached skill level 5 in Conjurations
  6378 | D:6      | Reached XP level 7. HP: 24/52 MP: 4/12
  6560 | D:6      | Found a staircase to the Ecumenical Temple.
  7953 | D:5      | Noticed Duvessa
  7953 | D:5      | Noticed Dowan
  8177 | D:5      | Gained mutation: You have a small tail. [demonic ancestry]
  8177 | D:5      | Reached XP level 8. HP: 60/60 MP: 10/14
  9082 | D:5      | Found a bloodstained altar of Trog.
  9089 | D:5      | Found an ornate altar of the Wu Jian Council.
  9103 | D:5      | Reached skill level 6 in Conjurations
  9189 | D:5      | Killed Duvessa
  9431 | D:5      | Killed Dowan
  9544 | D:5      | Found a blossoming altar of Fedhas.
  9554 | D:5      | Learned a level 4 spell: Fulminant Prism
  9559 | D:5      | Learned a level 4 spell: Iskenderun's Mystic Blast
  9564 | D:5      | Found a shadowy altar of Dithmenos.
  9564 | D:5      | Found an opulent altar of Gozag.
  9676 | D:5      | Reached skill level 5 in Stealth
 10407 | D:4      | Offered knowledge of Poisonous Vapours by Vehumet.
 10748 | D:2      | Killed Crazy Yiuf
 10970 | D:7      | Reached ** piety under Vehumet
 11192 | D:6      | Reached skill level 5 in Spellcasting
 11192 | D:6      | Reached skill level 1 in Hexes
 11227 | D:7      | Reached skill level 1 in Translocations
 11496 | D:7      | Found a sacrificial altar of Ru.
 11520 | D:7      | Reached skill level 5 in Fighting
 11571 | D:7      | Gained mutation: You have a tail ending in a sharp stinger.
                  | [demonic ancestry]
 11571 | D:7      | Reached XP level 9. HP: 39/68 MP: 11/16
 11576 | D:7      | Reached skill level 5 in Dodging
 12262 | D:8      | Noticed Joseph
 12606 | D:8      | Killed Joseph
 12607 | D:8      | Reached skill level 7 in Conjurations
 12625 | D:8      | HP: 2/68 [centaur/arrow (5)]
 13420 | D:8      | Found a stormy altar of Qazlal.
 13430 | D:8      | Offered knowledge of Stone Arrow by Vehumet.
 13431 | D:8      | Noticed Maurice
 13462 | D:8      | Killed Maurice
 14202 | D:9      | Gained mutation: You sometimes gain power by taking damage.
                  | [demonic ancestry]
 14202 | D:9      | Reached XP level 10. HP: 66/77 MP: 11/19
 14263 | D:9      | Reached skill level 8 in Conjurations
 14276 | D:8      | Reached *** piety under Vehumet
 14795 | D:9      | HP: 3/77 [yak (11)]
 14804 | D:9      | HP: 2/77 [wraith (3)]
 14807 | D:9      | Shot with an arrow by a centaur

Illustrated notes

Levels and vault maps discovered:
D:1:      amcnicky_arrival_flooded_fountain, layout_loops_corners
D:2:      layout_basic, shapermc_ecumenical_altar_petra,
          nicolae_figureground_sparkle, uniq_crazy_yiuf_cottage
D:3:      layout_basic, nicolae_sif_muna_little_library,
          mainiacjoe_overflow_paths, serial_co_window_serial,
          co_window_of_opportunity_a, co_window_corner_a, co_window_paths_a,
          co_window_of_opportunity_a, co_window_of_opportunity_a,
          co_window_cross_3, co_window_unsneaky_path_c, co_window_corner_b,
          co_window_cross_4, co_window_unsneaky_path_c,
          co_window_of_opportunity_c, co_window_paths_d, glass_columns_a,
          glass_columns_a, glass_columns_a, glass_columns_c, glass_columns_b
D:4:      layout_layer_cave
D:5:      dreamdust_elfheim, layout_loops_cross, grunt_temple_overflow_open,
          mainiacjoe_overflow_brackets, gammafunk_temple_overflow_wave
D:6:      layout_layer_cave, nicolae_tso_besieged_by_evil,
          minmay_temple_entry_waves
D:7:      layout_loops_ring, kennysheep_mini, mainiacjoe_overflow_chevrons
D:8:      layout_gridville, mainiacjoe_overflow_small_starburst, uniq_joseph,
          uniq_maurice
D:9:      layout_big_octagon, nicolae_kite_square_tiling_tiny,
          serial_bayou_pond_e, uniq_prince_ribbit1

Skill      XL: |  1  2  3  4  5  6  7  8  9 10 |
---------------+-------------------------------+-----
Stealth        | 2 3 4 5 |  5.0
Dodging        | 2 3 4 6 |  6.6
Fighting       | 1 2 3 5 6 |  6.8
Spellcasting   | 3 4 5 6 |  6.7
Conjurations   | 5 6 7 8 |  8.3
Hexes          | 1 2 |  2.0
Translocations | 1 2 |  2.0

Action                   |  1- 3 |  4- 6 |  7- 9 | 10-12 || total
-------------------------+-------+-------+-------+-------++-------
Melee: Short sword       |    21 |    71 |   170 |    11 ||   273
       Tailslap          |       |       |    24 |     2 ||    26
       Punch             |       |       |     3 |       ||     3
 Cast: Magic Dart        |    75 |    79 |   215 |    14 ||   383
       Searing Ray       |     1 |    10 |    34 |       ||    45
       Dazzling Flash    |       |       |    16 |     1 ||    17
       Fulminant Prism   |       |       |     8 |    13 ||    21
       Iskenderun's Myst |       |       |       |     3 ||     3
Evoke: Wand              |       |       |       |     1 ||     1
  Use: Scroll            |       |       |     4 |     1 ||     5
       Potion            |       |       |     2 |     6 ||     8
 Stab: Sleeping          |     1 |     2 |     2 |       ||     5
       Invisible         |       |       |     4 |       ||     4
Armor: Robe              |     4 |       |       |       ||     4
       Leather armour    |       |    25 |    46 |    14 ||    85
Dodge: Dodged            |    13 |    44 |   230 |    49 ||   336
